 Dungeon Crawl Stone Soup version 0.29.1-14-g9c671dbff4 (webtiles) character file.

Game seed: 16207344856908255701

29509 Wombatman the Severer (level 13, 0/109 HPs)
             Began as a Hill Orc Fighter on Feb 18, 2023.
             Was an Elder of Trog.
             Slain by a skeletal warrior
             ... wielding a +0 halberd
              (27 damage)
             ... on level 14 of the Dungeon.
             The game lasted 01:02:23 (16663 turns).

Wombatman the Severer (Hill Orc Fighter)           Turns: 16663, Time: 01:02:24

Health: 0/109      AC: 12    Str: 22    XL:     13   Next: 45%
Magic:  13/13      EV: 13    Int: 10    God:    Trog [****..]
Gold:   1359       SH:  6    Dex: 10    Spells: 12/12 levels left

rFire   + . .      SeeInvis .   a - +2 war axe (protect)
rCold   . . .      Faith    .   c - +1 buckler
rNeg    + . .      Spirit   .   L - +3 troll leather armour {Snorg}
rPois   +          Reflect  .   (no helmet)
rElec   .          Harm     .   N - +1 cloak
rCorr   .          Rampage  .   (no gloves)
Will    +....                   g - +1 pair of boots
Stlth   ++........              K - amulet of the acrobat
HPRegen 1.08/turn               B - ring of positive energy
MPRegen 0.13/turn               J - ring of poison resistance

@: on berserk cooldown, slowed, studying Short Blades, very slow
A: hooves 1, fire resistance 1, frail 1, strong-willed 1
a: Renounce Religion, Berserk, Trog's Hand, Brothers in Arms


You were on level 14 of the Dungeon.
You worshipped Trog.
Trog was greatly pleased with you.
You visited 1 branch of the dungeon, and saw 14 of its levels.
You also visited: Bailey.

You collected 1404 gold pieces.
You spent 45 gold pieces at shops.

Inventory:

Hand Weapons
 a - a +2 war axe of protection (weapon)
 q - a +5 morningstar of protection
Missiles
 k - 20 poisoned darts
 r - 6 atropa-tipped darts (quivered)
 v - 3 throwing nets
 w - 8 boomerangs
Armour
 b - a +0 scale mail
 c - a +1 buckler (worn)
 g - a +1 pair of boots (worn)
 o - a +3 leather armour of poison resistance
 L - a +3 troll leather armour (worn) {Snorg}
 N - a +1 cloak (worn)
Jewellery
 s - a ring of ice
 B - a ring of positive energy (left hand)
 G - a +6 ring of intelligence
 I - a +6 ring of intelligence
 J - a ring of poison resistance (right hand)
 K - an amulet of the acrobat (around neck)
Wands
 i - a wand of roots (14)
 t - a wand of mindburst (17)
 u - a wand of flame (22)
 D - a wand of polymorph (5)
 F - a wand of paralysis (3)
 H - a wand of digging (1)
Scrolls
 j - 10 scrolls of teleportation
 l - 9 scrolls of identify
 n - a scroll of magic mapping
 x - a scroll of fear
 y - 2 scrolls of immolation
 E - 3 scrolls of blinking
 M - a scroll of fog
Potions
 d - 3 potions of might
 e - 6 potions of curing
 h - 4 potions of lignification
 m - 3 potions of berserk rage
 z - 2 potions of invisibility
 A - a potion of mutation
 C - a potion of flight
Miscellaneous
 p - a condenser vane


   Skills:
 + Level 13.4 Fighting
 + Level 18.0(18.1) Axes
 + Level 2.3(10.2) Maces & Flails
 + Level 3.5 Throwing
 + Level 7.3 Armour
 + Level 7.0 Dodging
 + Level 4.1 Stealth
 + Level 8.2 Shields
 + Level 1.4 Evocations


You had 12 spell levels left.
You didn't know any spells.
Your spell library contained the following spells:

 Spells                   Type           Power      Damage    Failure   Level
 Call Canine Familiar     Summ           0%         N/A       85%         3
 Portal Projectile        Hex/Tloc       0%         N/A       85%         3
 Leda's Liquefaction      Hex/Erth       0%         N/A       99%         4


Dungeon Overview and Level Annotations

Branches:
Dungeon (14/15)            Temple (0/1) D:6            Lair (0/5) D:10
    Orc (0/2) D:11         Bailey (visited)
 Vaults: D:13-14

Altars:
Dithmenos
Elyvilon
Gozag
Makhleb
Okawaru
Qazlal
Trog
Vehumet
Wu Jian
Yredelemnul

Shops:
D:13 ?

Annotations:
D:8 3 runed translucent doors
D:11 1 runed translucent door


Innate Abilities, Weirdness & Mutations

You have large cloven feet.
Your flesh is heat resistant. (rF+)
You are frail. (-10% HP)
You are strong-willed. (Will+)


Message History

You slash the skeletal warrior!
The skeletal warrior is heavily damaged.
You block the skeletal warrior's attack.
The skeletal warrior hits you from afar with a +0 halberd.
You slash the skeletal warrior!
The skeletal warrior is severely damaged.
You hit the skeletal warrior.
The skeletal warrior is severely damaged.
The skeletal warrior hits you from afar with a +0 halberd!!
The skeletal warrior enters a dispersal trap!
The skeletal warrior blinks! x2
You are no longer berserk.
You are exhausted.
You feel yourself slow down.
You barely miss the skeletal warrior.
The skeletal warrior is severely damaged.
You block the skeletal warrior's attack.
Unknown command.
You hit the skeletal warrior.
Your weapon exudes an aura of protection.
The skeletal warrior is severely damaged.
The skeletal warrior barely misses you.
The skeletal warrior closely misses you.
Unknown command.
You barely miss the skeletal warrior.
The skeletal warrior is severely damaged.
The skeletal warrior hits you from afar with a +0 halberd!!
The skeletal warrior closely misses you.
Unknown command.
You are too injured to fight recklessly!
You feel much better.
You block the skeletal warrior's attack.
The skeletal warrior hits you with a +0 battleaxe!!
The skeletal warrior hits you from afar with a +0 halberd!!
* * * LOW HITPOINT WARNING * * *
The skeletal warrior hits you but does no damage.
You closely miss the skeletal warrior.
The skeletal warrior is severely damaged.
The skeletal warrior hits you from afar with a +0 halberd!!
You die...

........##
#..........#
.........#
#............
.........##
............
..........#
#.........#
..........##
#........#
...........#
#........#
...........####......#
.......
............#.......##
#........
......##........@z.##
#........
............####...###
#........
............# ###z..##
#........
##...##.:....
##...###........
..#####.....
###...#........ ..##
#....... ##...........
.J #.......
###......... JJ
##....### ##.##....#
.# #.## ####


You could see 2 skeletal warriors.

Vanquished Creatures
  Azrael (D:12)
  Snorg (D:12)
  2 vault guards (Bailey)
  3 boulder beetles
  2 centaur warriors (D:13)
  Erica (D:11)
  3 two-headed ogres
  2 tengu warriors (D:13)
  Urug (D:11)
  The ghost of croobank the Covert, a novice OpDe of Gozag (D:7)
  Amaemon (D:9)
  Lodul (D:10)
  The ghost of nshep25 the Covered, a novice MiFi (D:6)
  2 manticores
  A deep elf pyromancer (D:13)
  Joseph (D:10)
  Maurice (D:8)
  2 gargoyles
  3 tengu conjurers (D:13)
  Prince Ribbit (Bailey)
  2 trolls
  7 slime creatures
  2 wraiths
  3 fire elementals (D:12)
  5 humans (Bailey)
  3 wyverns (D:10)
  A steam dragon (D:9)
  14 yaks
  6 vampire mosquitoes (D:13)
  Edmund (D:4)
  3 acid dragons
  A water moccasin (D:8)
  2 hell hounds (D:12)
  A floating eye (D:13)
  A black bear (D:3)
  3 ice beasts
  5 orc warriors
  2 sky beasts
  13 ogres
  4 centaurs
  A phantom (D:5)
  2 kobold brigands
  A gnoll sergeant (D:7)
  2 necrophages
  6 scorpions
  15 bullfrogs
  12 wights
  32 killer bees
  A howler monkey (D:8)
  5 hounds
  2 jellies
  12 orc priests
  A gnoll bouda (D:7)
  5 iguanas
  9 orc wizards
  18 gnolls
  5 adders
  2 white imps (D:7)
  An ufetubus (D:5)
  A worm (D:2)
  14 dart slugs
  48 orcs
  7 ball pythons
  7 endoplasms
  3 giant cockroaches
  10 goblins
  9 hobgoblins
  2 jackals (D:1)
  2 quokkas
  A bat (D:2)
  A frilled lizard (D:2)
  19 kobolds
  5 rats
371 creatures vanquished.

Vanquished Creatures (others)
  A centaur (D:13)
  An orc wizard (D:9)
  An orc (D:9)
3 creatures vanquished.

Grand Total: 374 creatures vanquished

Notes
Turn   | Place    | Note
-------+----------+-------------------------------------------
     0 | D:1      | Wombatman the Hill Orc Fighter began the quest for the Orb.
     0 | D:1      | Reached XP level 1. HP: 19/19 MP: 1/1
   236 | D:1      | Reached XP level 2. HP: 22/27 MP: 2/2
   760 | D:1      | Reached skill level 3 in Axes
  1181 | D:2      | Found a faded altar of an unknown god.
  1189 | D:2      | Prayed at the altar of an unknown god.
  1189 | D:2      | Became a worshipper of Trog the Wrathful
  1189 | D:2      | Reached * piety under Trog
  1230 | D:2      | Reached XP level 3. HP: 30/33 MP: 3/3
  1496 | D:2      | Found a shadowy altar of Dithmenos.
  2053 | D:2      | Reached skill level 4 in Axes
  2053 | D:2      | Reached XP level 4. HP: 40/40 MP: 4/4
  2224 | D:3      | Found an ornate altar of the Wu Jian Council.
  2483 | D:3      | Reached ** piety under Trog
  2484 | D:3      | Reached XP level 5. HP: 46/46 MP: 5/5
  2499 | D:3      | Reached skill level 5 in Axes
  2679 | D:3      | Noticed a black bear
  2687 | D:3      | Killed a black bear
  2688 | D:3      | Reached XP level 6. HP: 51/53 MP: 6/6
  2955 | D:4      | Noticed Edmund
  3093 | D:4      | Reached skill level 6 in Axes
  3204 | D:4      | Killed Edmund
  3205 | D:4      | Reached XP level 7. HP: 41/60 MP: 7/7
  3493 | D:4      | Reached skill level 7 in Axes
  3702 | D:5      | Entered Level 5 of the Dungeon
  3816 | D:5      | Reached skill level 1 in Dodging
  3819 | D:5      | Reached skill level 8 in Axes
  3899 | D:5      | Reached skill level 5 in Fighting
  3981 | D:5      | Reached XP level 8. HP: 63/68 MP: 8/8
  3999 | D:5      | Reached skill level 5 in Armour
  4128 | D:5      | Found a basalt altar of Yredelemnul.
  4193 | D:5      | Reached skill level 9 in Axes
  4297 | D:5      | Found an opulent altar of Gozag.
  4610 | D:5      | Found an iron altar of Okawaru.
  4761 | D:5      | Reached skill level 1 in Throwing
  5352 | D:6      | Reached skill level 10 in Axes
  5352 | D:6      | Reached XP level 9. HP: 66/75 MP: 9/9
  5356 | D:6      | Reached *** piety under Trog
  5413 | D:6      | Reached skill level 5 in Shields
  5586 | D:6      | Found a staircase to the Ecumenical Temple.
  5587 | D:6      | Found a runed translucent gate.
  5587 | D:6      | Found a runed translucent gate.
  5587 | D:6      | Found a runed translucent gate.
  5588 | D:6      | Noticed nshep25's ghost (novice MiFi)
  5858 | D:7      | Reached skill level 11 in Axes
  5960 | D:7      | Gained mutation: You are strong-willed. (Will+) [potion of
                  | mutation]
  5960 | D:7      | Gained mutation: You are frail. (-10% HP) [potion of
                  | mutation]
  5960 | D:7      | Gained mutation: You have large cloven feet. [potion of
                  | mutation]
  5960 | D:7      | Gained mutation: Your flesh is heat resistant. (rF+)
                  | [potion of mutation]
  5992 | D:7      | Reached skill level 1 in Stealth
  6502 | D:7      | Found a transporter.
  6507 | D:7      | Noticed croobank's ghost (novice OpDe)
  6508 | D:7      | Found a transporter.
  6908 | D:8      | Found a flagged portal.
  6914 | D:8      | Reached skill level 12 in Axes
  6923 | D:8      | Reached **** piety under Trog
  6937 | Bailey   | Entered a bailey
  7045 | Bailey   | Reached XP level 10. HP: 74/77 MP: 10/10
  7045 | Bailey   | Noticed Prince Ribbit
  7061 | Bailey   | Reached skill level 13 in Axes
  7068 | Bailey   | Killed Prince Ribbit
  7093 | Bailey   | Noticed a vault guard
  7485 | Bailey   | Noticed a vault guard
  7501 | Bailey   | Killed a vault guard
  7502 | Bailey   | Reached skill level 5 in Dodging
  7504 | Bailey   | Killed a vault guard
  7831 | D:8      | Reached skill level 14 in Axes
  7921 | D:8      | Noticed Maurice
  7931 | D:8      | Killed Maurice
  8331 | D:8      | Reached XP level 11. HP: 82/85 MP: 11/11
  8396 | D:8      | Found a runed translucent door.
  8396 | D:8      | Noticed a centaur warrior
  8397 | D:8      | Noticed a boulder beetle
  8397 | D:8      | Noticed a white ugly thing
  8398 | D:8      | Found a runed translucent door.
  8398 | D:8      | Found a runed translucent door.
  8398 | D:8      | Noticed a manticore
  8738 | D:8      | Found a burning altar of Makhleb.
  9025 | D:9      | Noticed Amaemon
  9187 | D:9      | Found a stormy altar of Qazlal.
  9490 | D:9      | Reached skill level 1 in Maces & Flails
  9604 | D:9      | Noticed a two-headed ogre
  9621 | D:9      | Killed a two-headed ogre
  9666 | D:9      | Found a shadowy altar of Dithmenos.
 10115 | D:9      | Killed Amaemon
 10398 | D:10     | Entered Level 10 of the Dungeon
 10441 | D:10     | Reached skill level 15 in Axes
 10584 | D:10     | Found a bloodstained altar of Trog.
 10584 | D:10     | Found a radiant altar of Vehumet.
 10656 | D:10     | Found a white marble altar of Elyvilon.
 10657 | D:10     | Noticed Lodul
 10939 | D:10     | Noticed Joseph
 10984 | D:10     | Reached skill level 10 in Fighting
 10986 | D:10     | Killed Joseph
 11140 | D:10     | Found a staircase to the Lair.
 11493 | D:10     | Killed Lodul
 11497 | D:10     | Reached XP level 12. HP: 97/97 MP: 12/12
 12196 | D:11     | Found a runed translucent door.
 12197 | D:11     | Noticed a +0 demon whip of draining
 12207 | D:11     | Reached skill level 16 in Axes
 12483 | D:11     | Found a staircase to the Orcish Mines.
 12489 | D:11     | Noticed Urug
 12508 | D:11     | Killed Urug
 12849 | D:11     | Noticed Erica
 12860 | D:11     | Killed Erica
 13557 | D:7      | Killed croobank's ghost
 13669 | D:6      | Killed nshep25's ghost
 13980 | D:12     | Noticed Snorg
 13997 | D:12     | Killed Snorg
 13999 | D:12     | Noticed a two-headed ogre
 14010 | D:12     | Killed a two-headed ogre
 14230 | D:12     | Noticed a boulder beetle
 14232 | D:12     | Identified the +5 flail "Quril" {speed, rElec Dex+4}
 14266 | D:12     | Killed a boulder beetle
 14377 | D:12     | Noticed Azrael
 14779 | D:12     | Reached skill level 17 in Axes
 14779 | D:12     | Reached skill level 1 in Evocations
 14958 | D:12     | Killed Azrael
 15315 | D:13     | Noticed a tengu warrior
 15348 | D:13     | Noticed a boulder beetle
 15396 | D:13     | Noticed a centaur warrior
 15407 | D:13     | Killed a centaur warrior
 15408 | D:13     | Reached XP level 13. HP: 71/107 MP: 13/13
 15510 | D:13     | Found Ruawadwemuw's Magic Scroll Shop.
 15621 | D:13     | Bought a scroll of teleportation for 45 gold pieces
 15952 | D:13     | Paralysed by a floating eye for 2 turns
 16373 | D:13     | Noticed a vault guard
 16410 | D:13     | Noticed a vault guard
 16636 | D:14     | Reached skill level 18 in Axes
 16663 | D:14     | Slain by a skeletal warrior

Illustrated notes

Levels and vault maps discovered:
D:1:      minmay_arrival_arboretum_large, layout_basic
D:2:      layout_basic, basic_ecumenical_altar, basic_altar
D:3:      layout_basic, nzn_wu_jian_council_hall
D:4:      layout_rooms, uniq_edmund
D:5:      kennysheep_slugbush, layout_loops_corners,
          mainiacjoe_overflow_cross_hatched, old_standard_altar,
          lemuel_crystal_altar
D:6:      layout_rooms, minmay_temple_entry_large_hall,
          ebering_ghost_rock_garden
D:7:      layout_loops_ring, gammafunk_ghost_smash, kennysheep_generic_room_5
D:8:      minmay_the_grid_triangle_9x9_rhombus_full
          [minmay_the_grid_triangle_9x9_checkered,
          minmay_the_grid_triangle_9x9_fully_insulated_deathbox,
          minmay_the_grid_triangle_9x9_zippers_horizontal,
          minmay_the_grid_triangle_9x9_dagger,
          minmay_the_grid_triangle_9x9_pentomino_pain,
          minmay_the_grid_triangle_9x9_zippers_vertical,
          minmay_the_grid_triangle_9x9_from_above,
          minmay_the_grid_triangle_9x9_prize_insulated], layout_cave_pools,
          makhleb_blood_cavern_becter, enter_bailey_5, minivault_5,
          minivault_10, uniq_maurice
D:9:      layout_gridville, kennysheep_little_box, kennysheep_mini,
          amcnicky_mini_pool_small, uniq_amaemon
D:10:     layout_stronghold, mainiacjoe_overflow_brackets,
          gammafunk_temple_overflow_elements, lair_entry_dummy, uniq_lodul,
          uniq_joseph
D:11:     layout_irregular_city, david_orc_1_choice, nicolae_danse_macabre,
          uniq_erica, uniq_urug
D:12:     layout_rooms, nicolae_sextant, uniq_snorg, uniq_azrael
D:13:     layout_rooms, grunt_vaults_entry_fortified, serial_shops, shop
D:14:     layout_cave_pods, chequers_arboretum, nicolae_qazlal_eye_of_the_storm

Skill      XL: |  1  2  3  4  5  6  7  8  9 10 11 12 13 |
---------------+----------------------------------------+-----
Axes           | 3 4 5 6 8 10 12 14 15 17 18 | 18.0
Fighting       | 4 5 6 7 8 10 12 13 | 13.4
Armour         | 4 5 6 7 |  7.3
Shields        | 4 5 6 7 8 |  8.2
Dodging        | 1 3 4 5 6 7 |  7.0
Throwing       | 1 2 3 |  3.5
Stealth        | 2 3 4 |  4.1
Maces & Flails | 2 |  2.3
Evocations     | 1 |  1.4

Action                   |  1- 3 |  4- 6 |  7- 9 | 10-12 | 13-15 || total
-------------------------+-------+-------+-------+-------+-------++-------
Melee: War axe           |    82 |    85 |   338 |   574 |   192 ||  1271
       Morningstar       |       |       |       |    23 |       ||    23
Throw: Dart              |       |     7 |     4 |     2 |     2 ||    15
       Throwing net      |       |     1 |     1 |     6 |       ||     8
       Boomerang         |       |       |     2 |    38 |    18 ||    58
Invok: Berserk           |     2 |     4 |     9 |    33 |     4 ||    52
       Trog's Hand       |       |       |       |     1 |       ||     1
Evoke: Wand              |       |     2 |     1 |     9 |     2 ||    14
  Use: Potion            |     7 |       |     2 |     1 |     1 ||    11
       Scroll            |     2 |     3 |     6 |    11 |       ||    22
 Stab: Held in net/web   |       |       |     1 |     3 |       ||     4
       Distracted        |       |       |     1 |       |       ||     1
Armor: Scale mail        |    42 |    25 |       |       |       ||    67
       Leather armour    |       |       |   140 |   136 |       ||   276
       Troll leather arm |       |       |       |    30 |    62 ||    92
Dodge: Dodged            |    29 |    38 |   181 |   264 |    58 ||   570
Block: Buckler           |    19 |    16 |    69 |   141 |    51 ||   296
